 Dungeon Crawl Stone Soup version 0.30.1-9-gdf580d7c3d (webtiles) character file.

Game seed: 8258411445703725393

2774 Ironcache the Grappler (level 9, -1/88 HPs)
             Began as a Troll Gladiator on Oct 5, 2023.
             Slain by an orc knight
             ... wielding a +0 glaive
              (14 damage)
             ... in a bailey on Oct 6, 2023.
             The game lasted 00:17:35 (5714 turns).

Ironcache the Grappler (Troll Gladiator)            Turns: 5714, Time: 00:17:36

Health: -1/88      AC:  7    Str: 28    XL:     9   Next: 42%
Magic:  8/8        EV: 10    Int:  4    God:
Gold:   179        SH:  0    Dex: 11    Spells: 8/8 levels left

rFire   + .          .
                       - Unarmed
rCold   . . .        (no shield)
rNeg    . . .        a - +0 robe
rPois   .            u - +2 hat
rElec   .            F - +0 cloak
rCorr   .            (gloves unavailable)
SInv    .            (boots unavailable)
Will    .....        G - amulet of the acrobat
Stlth   +            g - ring of protection from fire
HPRegen 1.14/turn    (no ring)
MPRegen 0.11/turn

%: acrobat
@: no status effects
A: large, unfitting armour, claws 3, regeneration 1, shaggy fur 1, tough skin 1
a: no special abilities


You were in a bailey.
You visited 1 branch of the dungeon, and saw 7 of its levels.
You also visited: Bailey.

You collected 249 gold pieces.
You spent 70 gold pieces at shops.

Inventory:

Missiles
 c - 3 throwing nets
 d - a large rock
 i - 2 javelins
 m - 5 poisoned darts
 w - 83 stones (quivered)
Armour
 a - a +0 robe (worn)
 u - a +2 hat (worn)
 F - a +0 cloak (worn)
Jewellery
 g - a ring of protection from fire (left claw)
 h - an amulet of guardian spirit
 G - an amulet of the acrobat (around neck)
Wands
 n - a wand of flame (35)
 r - a wand of polymorph (10)
 C - a wand of iceblast (24)
Scrolls
 j - a scroll of fear {unknown}
 q - 2 scrolls of enchant weapon {unknown}
 v - a scroll of silence {unknown}
 x - a scroll of enchant armour {unknown}
 y - 4 scrolls of fog {unknown}
 A - 3 scrolls of teleportation
 B - 6 scrolls of identify
 D - 3 scrolls of immolation {unknown}
 E - a scroll of vulnerability {unknown}
 H - a scroll of amnesia {unknown}
Potions
 b - a potion of haste {unknown}
 e - 7 potions of curing
 f - 2 potions of resistance {unknown}
 k - 3 potions of might
 o - a potion of cancellation {unknown}
 p - 3 potions of lignification
 s - 3 potions of flight
 t - a potion of brilliance {unknown}
 z - 4 potions of mutation


   Skills:
 + Level 5.5 Fighting
 + Level 6.1 Throwing
 - Level 3.0 Dodging
 * Level 9.6 Unarmed Combat


You had 8 spell levels left.
You didn't know any spells.
Your spell library contained the following spells:

 Spells                   Type           Power      Damage    Failure   Level
 Sandblast                Erth           0%         2d4       50%         1
 Passwall                 Tmut/Erth      0%         N/A       65%         2
 Stone Arrow              Conj/Erth      0%         3d7       86%         3
 Vhi's Electric Charge    Tloc/Air       0%         N/A       86%         3
 Arcjolt                  Conj/Air       0%         1d10      100%        5
 Plasma Beam              Fire/Air       0%         2x1d11    100%        6


Dungeon Overview and Level Annotations

Branches:
Dungeon (7/15)             Temple (0/1) D:7          Bailey (1/1)

Altars:
Gozag
Sif Muna
The Shining One

Shops:
D:4 [   D:5 *


Innate Abilities, Weirdness & Mutations

You are too large for most types of armour.
You have claws for hands.
Your natural rate of healing is unusually fast.
You are covered in fur. (AC +1)
You have tough skin. (AC +1)


Message History

The orc knight is heavily wounded.
You barely miss the orc knight.
The orc knight is heavily wounded.
The orc knight closely misses you. The orc hits you with a +0 spear. x2
You completely miss the orc knight.
The orc knight is heavily wounded.
The orc no longer looks unusually strong.
The orc knight closely misses you. The orc hits you with a +0 spear. x2
You closely miss the orc knight.
The orc knight is heavily wounded.
The orc knight hits you with a +0 glaive!!
* * * LOW HITPOINT WARNING * * *
The orc hits you with a +0 spear.
* * * LOW HITPOINT WARNING * * *
The orc hits you with a +0 spear.
* * * LOW HITPOINT WARNING * * *
An orc comes into view. It is wielding a +0 trident.
The orc shouts!
You feel much better.
The orc knight hits you with a +0 glaive!
* * * LOW HITPOINT WARNING * * *
The orc hits you but does no damage. The orc closely misses you.
You scratch the orc knight.
The orc knight is severely wounded.
The orc knight roars a battlecry!
The orcs go into a battle-frenzy!
The orc misses you. The orc barely misses you. The orc closely misses you.
You feel much better.
The orc knight hits you with a +0 glaive!
The orc hits you with a +0 spear. The orc closely misses you.
The orc hits you but does no damage.
You scratch the orc knight but do no damage.
The orc knight is severely wounded.
The orc knight hits you with a +0 glaive!!
* * * LOW HITPOINT WARNING * * *
The orc hits you but does no damage. x3
You scratch the orc knight but do no damage.
The orc knight is severely wounded.
The orc knight hits you with a +0 glaive!
You die...

#### #######
##..♣♣♣≈≈≈≈≈♣♣
#....♣♣≈≈≈≈≈.♣#
####..♣≈≈≈≈≈...#
########.$#..♣≈≈≈≈..♣.##
..........#...≈≈≈≈.....##
......o).##.♣.≈≈≈≈..♣....
#oo#....≈≈≈≈.......
#8@#...######......
#o.#....)..........
#.)'......)........
#.)'.....).........
#))#...............
#8)#...######......
#.)#....≈≈≈≈..♣....
....##...≈≈≈≈..♣♣...
.......#...≈≈≈≈.....##


You could see an orc knight and 3 orcs.

Vanquished Creatures
  A komodo dragon (D:7)
  A steam dragon (D:7)
  5 orc warriors
  2 centaurs
  An ogre (D:6)
  A kobold brigand (D:7)
  A bullfrog (D:6)
  2 gnoll sergeants
  2 scorpions
  4 wights (D:7)
  A crimson imp (D:3)
  3 hounds (D:5)
  4 orc priests
  2 jellies
  A sleepcap (D:5)
  Natasha (thrice) (D:2)
  7 iguanas
  7 orc wizards
  7 gnolls
  7 adders
  A shadow imp (D:6)
  An ufetubus (D:4)
  3 worms
  6 dart slugs
  49 orcs
  5 ball pythons
  7 bats
  4 endoplasms
  5 giant cockroaches
  13 goblins
  4 hobgoblins
  4 jackals (D:3)
  12 kobolds
  2 quokkas
  3 frilled lizards
  2 goblin skeletons (D:3)
  2 goblin zombies (D:3)
  A kobold skeleton (D:3)
  A rat (D:2)
187 creatures vanquished.

Notes
Turn   | Place    | Note
-------+----------+-------------------------------------------
     0 | D:1      | Ironcache the Troll Gladiator began the quest for the Orb.
     0 | D:1      | Reached XP level 1. HP: 19/19 MP: 0/0
   178 | D:1      | Reached XP level 2. HP: 26/28 MP: 1/1
   299 | D:1      | Reached XP level 3. HP: 32/35 MP: 2/2
   564 | D:1      | Found a faded altar of an unknown god.
  1289 | D:2      | Reached XP level 4. HP: 42/42 MP: 3/3
  1294 | D:2      | Noticed Natasha
  1300 | D:2      | Killed Natasha
  1301 | D:2      | Reached skill level 4 in Unarmed Combat
  1337 | D:2      | Noticed Natasha
  1344 | D:2      | Killed Natasha
  1353 | D:2      | Noticed Natasha
  1357 | D:2      | Killed Natasha
  1358 | D:2      | Reached XP level 5. HP: 48/50 MP: 4/4
  1650 | D:3      | Found a shimmering blue altar of Sif Muna.
  1747 | D:3      | Found a glowing golden altar of the Shining One.
  2407 | D:4      | Found Riruleil's Armour Emporium.
  2548 | D:4      | Reached skill level 5 in Unarmed Combat
  2548 | D:4      | Reached XP level 6. HP: 50/59 MP: 2/5
  3339 | D:5      | Entered Level 5 of the Dungeon
  3437 | D:5      | Found Wuekhae's General Store.
  3449 | D:5      | Bought a scroll of teleportation for 42 gold pieces
  3449 | D:5      | Bought a scroll of identify for 28 gold pieces
  3482 | D:5      | Reached XP level 7. HP: 67/67 MP: 6/6
  3529 | D:5      | Reached skill level 6 in Unarmed Combat
  3783 | D:5      | Found a runed translucent door.
  4145 | D:5      | Reached skill level 7 in Unarmed Combat
  4177 | D:5      | Reached XP level 8. HP: 78/78 MP: 7/7
  4828 | D:6      | Reached skill level 5 in Throwing
  4828 | D:6      | Reached skill level 8 in Unarmed Combat
  5273 | D:7      | Reached skill level 5 in Fighting
  5309 | D:7      | Found a staircase to the Ecumenical Temple.
  5342 | D:7      | Noticed a komodo dragon
  5349 | D:7      | Killed a komodo dragon
  5350 | D:7      | Reached skill level 9 in Unarmed Combat
  5350 | D:7      | Reached XP level 9. HP: 74/88 MP: 8/8
  5393 | D:7      | Found an opulent altar of Gozag.
  5549 | D:7      | Found a flagged portal.
  5565 | Bailey   | Entered a bailey
  5693 | Bailey   | Noticed an orc knight
  5714 | Bailey   | Slain by an orc knight

Illustrated notes

Levels and vault maps discovered:
D:1:      dpeg_arrival_water_fire, layout_loops_ring,
          dilly_ecumenical_altar_fadedgnrine, dk_noncrumbling_4, chequers_garden
D:2:      layout_basic, hex_tiny, uniq_natasha
D:3:      layout_loops_ring, nicolae_tso_besieged_by_evil,
          mainiacjoe_overflow_cross_hatched
D:4:      layout_basic, serial_shops, shop
D:5:      layout_basic, serial_shops, shop, lightli_church_of_beogh
D:6:      layout_gridville, minmay_holes
D:7:      layout_rooms, grunt_gozag_breadcrumbs, minmay_temple_entry_mini_moons,
          enter_bailey_3
Bailey:   bailey_polearm_elven_captive_hellmonk, bailey

Skill      XL: |  1  2  3  4  5  6  7  8  9 |
---------------+----------------------------+-----
Throwing       | 2 3 4 5 6 |  6.1
Fighting       | 2 3 4 5 |  5.5
Unarmed Combat | 4 5 7 9 |  9.6
Dodging        | 3 |  3.0

Action                     |  1- 3 |  4- 6 |  7- 9 || total
---------------------------+-------+-------+-------++-------
  Melee: Unarmed           |   108 |   168 |   284 ||   560
         Punch             |     2 |     4 |    12 ||    18
  Throw: Stone             |       |     2 |       ||     2
    Use: Scroll            |       |     6 |       ||     6
         Potion            |       |       |     2 ||     2
   Stab: Sleeping          |     1 |       |     1 ||     2
 Armour: Robe              |    41 |    54 |    97 ||   192
  Dodge: Dodged            |    46 |    82 |   147 ||   275
